AoeStats
← MeowMe

Arena

506624171Analyzed
4v4 RM · 17d ago on Sep 14, 2026· 40m 51s· 8 players
Game mode
Random Map
Map size
Large (8 player)
Population
200
Speed
Normal
Resources
Standard
Victory
Conquest
Starting age
Dark Age
Ending age
Imperial Age
RankedLock teamsTeams togetherTeam positionsShared explorationLock speedFull tech treeHidden civsTurbo modeCheats
Victory
Defeat
🇸🇬 Persians · Singapore
1712
+7
🇨🇳 Slavs · China
1523
+14
🇨🇳 Britons · China
1498
+15
🇻🇳 Mongols · Vietnam
1481
+16
🇧🇾 Persians · Belarus
1507
-14
🇩🇪 Bengalis · Germany
1494
-13
🇷🇺 Bohemians · Russia
1494
-13
🇬🇪 Britons · Georgia
1449
-12
Vegeta
9:44 Feudal Age
13:41 Castle Age
12:07 Double-Bit Axe
12:44 Horse Collar
14:47 Bow Saw
21:43 Wheelbarrow
27:55 Imperial Age
25:51 Hand Cart
25:22 Loom
25:53 Gold Mining
26:06 Heavy Plow
26:32 Scale Barding Armor
27:43 Chain Barding Armor
28:01 Gold Shaft Mining
27:17 Stone Mining
27:53 Husbandry
28:09 Bloodlines
29:01 Plate Barding Armor
28:29 Cavalier
29:51 Stone Shaft Mining
30:18 Two-Man Saw
30:22 Conscription
30:15 Forging
30:37 Crop Rotation
30:55 Savar
31:57 Town Watch
33:32 Guilds
34:42 Iron Casting
34:35 Caravan
35:31 Devotion
36:04 Heavy Camel Rider
39:04 Scale Mail Armor
40:06 Blast Furnace
39:08 Scale Mail Armor
39:10 Squires
38:55 Arson
39:46 Coinage
40:01 Pikeman
timembh
7:46 Loom
11:24 Feudal Age
12:07 Double-Bit Axe
15:08 Castle Age
13:05 Horse Collar
13:17 Stone Mining
17:04 Bow Saw
17:33 Wheelbarrow
18:38 Fletching
22:26 Bodkin Arrow
23:28 Padded Archer Armor
24:35 Leather Archer Armor
24:14 Town Watch
26:10 Hand Cart
27:14 Bloodlines
28:01 Husbandry
28:37 Ballistics
29:40 Masonry
34:16 Imperial Age
33:42 Thumb Ring
35:08 Bracer
38:38 Elite Mangudai
39:43 Conscription
39:43 Siege Engineers
40:50 Parthian Tactics
王德发
10:01 Feudal Age
14:03 Castle Age
12:40 Double-Bit Axe
15:21 Fletching
16:43 Bodkin Arrow
23:18 Horse Collar
25:39 Bow Saw
26:45 Fortified Wall
27:17 Padded Archer Armor
26:39 Crossbowman
28:43 Leather Archer Armor
28:20 Town Watch
28:21 Loom
29:11 Ballistics
32:08 Imperial Age
30:14 Elite Skirmisher
33:00 Stone Mining
33:00 Gold Mining
32:41 Arbalester
34:34 Chemistry
35:02 Wheelbarrow
34:54 Bracer
36:32 Squires
36:34 Scale Mail Armor
36:44 Forging
37:48 Yeomen
37:52 Heavy Plow
38:15 Chain Mail Armor
39:24 Conscription
40:35 Plate Mail Armor
40:40 Iron Casting
40:36 Ring Archer Armor
40:42 Gold Shaft Mining
40:13 Pikeman
41:31 Fervor
knife
10:51 Feudal Age
14:55 Castle Age
13:24 Double-Bit Axe
13:19 Horse Collar
17:13 Bow Saw
17:10 Heavy Plow
19:08 Wheelbarrow
23:35 Gold Mining
23:37 Stone Mining
24:23 Hand Cart
28:14 Imperial Age
25:52 Loom
26:19 Forging
26:10 Scale Mail Armor
27:02 Gold Shaft Mining
26:18 Stone Mining
28:22 Iron Casting
28:03 Chain Mail Armor
27:40 Pikeman
28:20 Squires
29:06 Druzhina
29:27 Conscription
28:32 Halberdier
30:31 Blast Furnace
30:37 Blast Furnace
29:07 Capped Ram
31:00 Chemistry
30:17 Siege Ram
32:26 Plate Mail Armor
35:49 Coinage
37:30 Banking
37:39 Detinets
39:54 Man-at-Arms
Butti
10:27 Feudal Age
14:15 Castle Age
12:34 Double-Bit Axe
13:02 Horse Collar
15:16 Bow Saw
21:09 Wheelbarrow
21:06 Heavy Plow
22:47 Gold Mining
23:34 Hand Cart
25:36 Padded Archer Armor
28:34 Imperial Age
25:58 Fletching
26:41 Ballistics
26:21 Loom
26:23 Town Watch
26:53 Bodkin Arrow
27:43 Bloodlines
27:34 Husbandry
27:50 Leather Archer Armor
28:44 Elite Elephant Archer
29:25 Bracer
30:27 Chemistry
30:50 Masonry
31:04 Sanctity
32:19 Devotion
32:51 Paiks
32:51 Siege Elephant
34:04 Fervor
34:51 Crop Rotation
34:57 Block Printing
35:08 Illumination
39:42 Redemption
41:09 Conscription
OLADUSHEK
9:19 Feudal Age
13:19 Castle Age
11:24 Double-Bit Axe
11:44 Horse Collar
14:30 Bow Saw
18:32 Wheelbarrow
19:46 Hand Cart
19:17 Loom
20:59 Town Watch
23:50 Gold Mining
23:50 Stone Mining
24:02 Heavy Plow
28:35 Imperial Age
26:48 Stone Shaft Mining
26:59 Scale Barding Armor
28:02 Gold Shaft Mining
28:09 Chain Barding Armor
28:23 Bloodlines
28:13 Husbandry
28:48 Forging
29:20 Conscription
29:36 Plate Barding Armor
30:09 Elite War Elephant
31:16 Forging
32:25 Crop Rotation
33:47 Iron Casting
33:07 Fletching
33:53 Town Patrol
37:01 Two-Man Saw
37:13 Coinage
SiraZaika
10:38 Feudal Age
14:51 Castle Age
12:49 Double-Bit Axe
14:04 Horse Collar
14:51 Forging
15:23 Town Watch
17:02 Fervor
19:36 Wheelbarrow
20:51 Bow Saw
21:56 Loom
22:52 Fletching
24:13 Bodkin Arrow
24:54 Padded Archer Armor
29:52 Imperial Age
27:12 Elite Skirmisher
29:29 Chemistry
28:44 Heavy Plow
29:29 Hand Cart
30:22 Ballistics
30:19 Leather Archer Armor
30:41 Bracer
30:29 Pikeman
31:09 Squires
31:22 Halberdier
33:10 Scale Mail Armor
33:20 Forging
34:01 Ring Archer Armor
34:31 Chain Mail Armor
35:06 Ring Archer Armor
35:13 Conscription
35:52 Iron Casting
38:40 Plate Mail Armor
39:31 Blast Furnace
MeowMe
11:25 Feudal Age
15:25 Castle Age
14:40 Loom
14:57 Stone Mining
15:23 Town Watch
16:11 Double-Bit Axe
18:19 Bow Saw
18:13 Gold Mining
24:45 Treadmill Crane
26:12 Wheelbarrow
25:51 Fletching
26:51 Bodkin Arrow
28:18 Hand Cart
28:03 Town Patrol
29:33 Ballistics
29:24 Fortified Wall
30:38 Murder Holes
31:07 Padded Archer Armor
34:05 Imperial Age
33:47 Yeomen
36:22 Bracer
38:21 Conscription
38:32 Warwolf
Connection lost

Rejoining the realm…

Still unreachable

The connection could not be restored.

Session expired

The server has moved on; the page needs a fresh start.